 Dungeon Crawl Stone Soup version 0.27-a0-1196-g3e9cee4 (webtiles) character file.

Game seed: 11238095974707722095

58 Meow the Sneak (level 4, 36/36 HPs)
             Began as a Naga Venom Mage on May 27, 2021.
             Quit the game on level 3 of the Dungeon.
             The game lasted 00:06:56 (2190 turns).

Meow the Sneak (Naga Venom Mage)                    Turns: 2190, Time: 00:06:56

Health: 36/36      AC:  2    Str: 10    XL:     4   Next: 2%
Magic:  6/8        EV: 10    Int: 16    God:
Gold:   140        SH:  0    Dex: 12    Spells: 1/8 levels left

rFire    . . .     SeeInvis +   a - +0 quarterstaff
rCold    . . .     Faith    .   (shield currently unavailable)
rNeg     . . .     Spirit   .   d - +0 robe
rPois    +         Reflect  .   (no helmet)
rElec    .         Harm     .   (no cloak)
rCorr    .         Rampage  .   (no gloves)
Will     .....                  (no barding)
Stlth    +++.......             (no amulet)
HPRegen  0.12/turn              (no ring)
MPRegen  0.11/turn              (no ring)

@: short of breath, very slow
A: AC +1, large, see invisible, deformed body, poison resistance, slowness 2,
spit poison 1, naga tail 1
a: Spit Poison


You were on level 3 of the Dungeon.
You visited 1 branch of the dungeon, and saw 3 of its levels.

You collected 140 gold pieces.

Inventory:

Hand Weapons
 a - a +0 quarterstaff (weapon)
Missiles
 k - 71 stones
 o - 15 poisoned darts (quivered)
Armour
 d - a +0 robe (worn)
Magical Staves
 t - a staff of air
Scrolls
 c - a scroll of holy word {unknown}
 e - a scroll of fog {unknown}
 h - a scroll of summoning {unknown}
 i - a scroll of enchant weapon {unknown}
 l - a scroll of teleportation {unknown}
 m - a scroll of blinking {unknown}
 q - a scroll of magic mapping {unknown}
Potions
 f - a potion of mutation
 j - a potion of resistance
 n - a potion of flight
 p - 2 potions of attraction
 r - a potion of might {unknown}
 s - a potion of brilliance {unknown}


   Skills:
 - Level 1.5 Dodging
 * Level 4.9 Stealth
 + Level 2.7 Spellcasting
 + Level 1.3 Conjurations
 - Level 1.0 Transmutations
 - Level 4.0 Poison Magic


You had one spell level left.
You knew the following spells:

 Your Spells              Type           Power      Damage    Failure   Level
a - Sting                 Tmut/Pois      40%        1d5       7%          1
c - Mephitic Cloud        Conj/Pois/Air  7%         N/A       28%         3
C - Ignite Poison         Fire/Tmut/Pois 7%         N/A       28%         3

Your spell library contained the following spells:

 Spells                   Type           Power      Damage    Failure   Level
 Poisonous Vapours        Pois/Air       16%        N/A       13%         2
 Olgreb's Toxic Radiance  Pois           15%        N/A       36%         4


Dungeon Overview and Level Annotations

Branches:
Dungeon (3/15)

Altars:
Nemelex Xobeh


Innate Abilities, Weirdness & Mutations

Your serpentine skin is tough. (AC +1)
You have supernaturally acute eyesight. (SInv)
Armour fits poorly on your strangely shaped body.
Your system is resistant to poisons. (rPois)
You cover ground very slowly.
You can spit poison.
You have a snake-like lower body.


Message History

You closely miss the rat.
The rat is severely wounded.
The rat bites you.
You barely miss the rat.
The rat is severely wounded.
You kill the rat!
You have got your breath back.
You hear the brisk rusting of a drain very nearby.
Found 15 gold pieces.
You see here 15 gold pieces.
A giant cockroach comes into view.
Press: ? - help, Shift-Dir - straight line, f - giant cockroach
Aim: a giant cockroach (asleep)
The splash of poison hits the giant cockroach.
The giant cockroach is poisoned.
The giant cockroach is moderately wounded.
Unknown command.
An adder comes into view.
You kill the giant cockroach!
You enter the shallow water.
Moving in this stuff is going to be slow.
A rat comes into view.
You have got your breath back.
Press: ? - help, Shift-Dir - straight line, f - adder
Aim: an adder (asleep)
The splash of poison hits the adder!
The adder is severely wounded.
The adder hisses angrily.
Unknown command.
Casting: Sting (safe; 7% risk of failure)
Confirm with . or Enter, or press ? or * to list all spells.
Aiming: Sting (safe; 7% risk of failure)
Press: ? - help, Shift-Dir - straight line, f/p - adder
Aim: an adder (heavily wounded, 53% to hit)
The sting hits the adder.
The adder is poisoned.
The adder is almost dead.
You kill the adder!
You have reached level 4!
You feel agile.
Are you sure you want to abandon this character and quit the game? (Confirm with "yes".)

###########
#...$.....#
#.####..#.#
#######.#####@#
..........###≈#
...........#≈≈≈#
##..#......#≈†≈#
#.........##≈##
##.#.......#≈#
####### .
#.##......#≈#
#.....# ..
.#.###....##≈#
#####.## ..
..........#≈≈r
#.....#


There were no monsters in sight!

Vanquished Creatures
  An adder (D:3)
  A worm (D:3)
  A dart slug (D:1)
  A ball python (D:1)
  4 bats
  5 endoplasms
  7 giant cockroaches
  6 goblins
  5 hobgoblins
  2 kobolds
  4 frilled lizards
  2 rats
39 creatures vanquished.

Notes
Turn   | Place    | Note
-------+----------+-------------------------------------------
     0 | D:1      | Meow the Naga Venom Mage began the quest for the Orb.
     0 | D:1      | Reached XP level 1. HP: 15/15 MP: 3/3
   167 | D:1      | Found a faded altar of an unknown god.
   486 | D:1      | Reached XP level 2. HP: 22/22 MP: 5/5
   673 | D:1      | You fall into a shaft and drop 1 floor!
  1081 | D:1      | Reached XP level 3. HP: 28/28 MP: 6/6
  1085 | D:1      | Learned a level 3 spell: Ignite Poison
  1089 | D:1      | Learned a level 3 spell: Mephitic Cloud
  1095 | D:1      | Reached skill level 1 in Conjurations
  1834 | D:2      | Found a sparkling altar of Nemelex Xobeh.
  2190 | D:3      | Reached XP level 4. HP: 36/36 MP: 6/8
  2190 | D:3      | Quit the game

Illustrated notes

Levels and vault maps discovered:
D:1:      tarquinn_simple_flora_water_d, layout_basic,
          hellmonk_ecumenical_altar_blasted, minmay_tromino_i4
D:2:      layout_loops_corners, basic_altar, hangedman_decor_clover_reticule,
          minmay_worlds_worst_comb
D:3:      layout_loops_ring, gup_sewer_entry_bubbles

Skill      XL: |  1  2  3 |
---------------+----------+-----
Stealth        | 4 |  4.9
Conjurations   | 1 |  1.3
Dodging        | |  1.5
Spellcasting   | |  2.7
Transmutations | |  1.0
Poison Magic   | |  4.0

Action                   |  1- 3 |  4- 6 || total
-------------------------+-------+-------++-------
Melee: Mace              |     8 |       ||     8
       Quarterstaff      |     7 |       ||     7
Throw: Stone             |     9 |       ||     9
       Dart              |     3 |       ||     3
 Cast: Sting             |    31 |       ||    31
 Abil: Spit Poison       |    39 |       ||    39
  Use: Scroll            |     4 |       ||     4
Armor: Robe              |     5 |       ||     5
Dodge: Dodged            |    14 |       ||    14

Table legend: (Time is in decaauts)
 A = Elapsed time spent in this place.
 B = Non-inter-level travel time spent in this place.
 C = Inter-level travel time spent in this place.
 D = Time resting spent in this place.
 E = Time spent auto-exploring this place.
 F = Levels seen in this place.
 G = Mean time per level.
                   A        B        C        D        E       F      G
               +--------+--------+--------+--------+--------+-----+--------+
         Total |   2884 |   2827 |     57 |    274 |   1950 |   3 |  961.3 |
       Dungeon |   2884 |   2827 |     57 |    274 |   1950 |   3 |  961.3 |
               +--------+--------+--------+--------+--------+-----+--------+

Top non-repeatable levels by time:
     D:1: 1287 daAuts
     D:2: 1263 daAuts
     D:3: 332 daAuts
